 Dungeon Crawl Stone Soup version 0.24-a0-582-g4d4af813a0 (webtiles) character file.

Game seed: 10600075747693232617

79 Eightlegvermin the Insei (level 4, -5/35 HPs)
             Began as a Draconian Transmuter on Aug 26, 2019.
             Killed by nerve-wracking pain
             ... invoked by an orc priest
              (10 damage)
             ... on level 2 of the Dungeon.
             The game lasted 00:04:33 (2017 turns).

Eightlegvermin the Insei (Draconian Transmuter)     Turns: 2017, Time: 00:04:33

Health: -5/35      AC:  5    Str: 12    XL:     4   Next: 16%
Magic:  5/7        EV: 13    Int: 14    God:
Gold:   167        SH:  0    Dex: 12    Spells: 1/7 levels left

rFire    . . .     SeeInvis .     - Unarmed
rCold    . . .     Gourm    .   (no shield)
rNeg     . . .     Faith    .   (armour unavailable)
rPois    .         Spirit   .   (helmet restricted)
rElec    .         Reflect  .   (no cloak)
rCorr    .         Harm     .   (no gloves)
MR       .....                  (no boots)
Stlth    +.........             (no amulet)
HPRegen  0.11/turn              (no ring)
MPRegen  0.10/turn              (no ring)

@: no status effects
A: unfitting armour, cold-blooded, AC +5
a: no special abilities


You were on level 2 of the Dungeon.
You were hungry.

You visited 1 branch of the dungeon, and saw 3 of its levels.

You collected 167 gold pieces.

Inventory:

Missiles
 a - 29 arrows
Jewellery
 h - an uncursed ring of magical power {unknown}
Scrolls
 d - 2 scrolls of remove curse {unknown}
 f - 4 scrolls of identify {unknown}
 g - a scroll of fear {unknown}
 i - a scroll of magic mapping {unknown}
 j - a scroll of noise {unknown}
Potions
 b - a potion of might {unknown}
 e - 2 potions of agility {unknown}
 k - a potion of curing {unknown}
 l - a potion of lignification {unknown}
Comestibles
 c - 3 rations


   Skills:
 - Level 1.1 Fighting
 + Level 2.6 Dodging
 * Level 4.1 Unarmed Combat
 - Level 2.0 Spellcasting
 + Level 2.7 Transmutations


You had one spell level left.
You knew the following spells:

 Your Spells              Type           Power        Failure   Level  Hunger
a - Beastly Appendage     Tmut           #.....       8%          1    ##.....
b - Sticks to Snakes      Tmut           #.......     12%         2    ###....
c - Spider Form           Tmut/Pois      #.........   38%         3    ####...

Your spell library contained the following spells:

 Spells                   Type           Power        Failure   Level  Hunger
 Ice Form                 Ice/Tmut       #.......     80%         4    #####..
 Blade Hands              Tmut           #.........   91%         5    ######.


Dungeon Overview and Level Annotations

Branches:
Dungeon (3/15)

Altars:


Innate Abilities, Weirdness & Mutations

Your plain brown scales are hard. (AC +5)
You cannot fit into any form of body armour.
You are cold-blooded and may be slowed by cold attacks.


Message History

The orc priest begins to cast a cantrip, but forgets the words!
You hit the orc priest but do no damage.
The orc priest is poisoned.
The orc priest misses you.
You barely miss the orc priest.
You hit the orc priest but do no damage.
The orc priest is lightly wounded.
Your transformation has ended.
The orc priest hits you with a +0 mace.
You hit the orc priest but do no damage.
The orc priest is lightly wounded.
The orc priest calls down the wrath of Beogh upon you.
Beogh smites you!
* * * LOW HITPOINT WARNING * * *
The orc priest hits you but does no damage.
You climb upwards.
There is a stone staircase leading down here.
The orc priest closely misses you.
The orc priest mumbles some strange prayers to Beogh against you.
Pain shoots through your body!
You die...

## ####### ##### .# #.....# #####
#...# .# #.....# #...# #.#.# .#
#.....# #...# #.#.###
.###.....#####...##### #.#...#
.'..............@.o.>###.#.#.####
.###.....########........###....#
.......### #.............#.#
.......###### #.........#.###.#
............## #.....<...#...(.#
###########..# #.........#######
##.## ###.##'#......... #..#
#.##.#########. ####### ###'###
#.##.# ####.


You could see an orc priest.

Vanquished Creatures
  An orc wizard (D:3)
  2 adders (D:2)
  2 dart slugs
  A leopard gecko (D:1)
  An orc (D:3)
  A ball python (D:1)
  3 giant cockroaches
  4 goblins (D:1)
  3 hobgoblins
  6 bats
  3 frilled lizards
  3 kobolds (D:1)
  A rat (D:2)
31 creatures vanquished.

Notes
Turn   | Place    | Note
-------+----------+-------------------------------------------
     0 | D:1      | Eightlegvermin the Draconian Transmuter began the quest for
                  | the Orb.
     0 | D:1      | Reached XP level 1. HP: 16/16 MP: 3/3
   388 | D:1      | Reached XP level 2. HP: 19/23 MP: 3/5
   709 | D:1      | Learned a level 2 spell: Sticks to Snakes
  1393 | D:2      | Reached XP level 3. HP: 23/28 MP: 6/6
  1835 | D:2      | Found a faded altar of an unknown god.
  1964 | D:2      | Learned a level 3 spell: Spider Form
  2006 | D:3      | Reached skill level 4 in Unarmed Combat
  2006 | D:3      | Reached XP level 4. HP: 21/35 MP: 3/7
  2017 | D:2      | Killed from afar by an orc priest

Levels and vault maps discovered:
D:1:      co_arrival_random_square_maze, layout_basic, chequers_arboretum,
          minmay_tromino_mix6
D:2:      layout_basic, chequers_ecumenical_altar_grove
D:3:      layout_loops_ring, first_ration

Skill      XL: |  1  2  3 |
---------------+----------+-----
Dodging        | 2 |  2.6
Unarmed Combat | 4 |  4.1
Fighting       | |  1.1
Spellcasting   | |  2.0
Transmutations | |  2.7

Action                   |  1- 3 |  4- 6 || total
-------------------------+-------+-------++-------
Melee: Unarmed           |   116 |     5 ||   121
       Tailslap          |     7 |       ||     7
       Headbutt          |     2 |       ||     2
       Kick              |     4 |       ||     4
       Punch             |     2 |       ||     2
 Cast: Beastly Appendage |     5 |       ||     5
       Spider Form       |     1 |       ||     1
 Stab: Sleeping          |     3 |       ||     3
  Eat: Chunk             |     3 |       ||     3
Armor: Skin              |    30 |     1 ||    31
Dodge: Dodged            |    87 |     2 ||    89

Table legend:
 A = Non-vault XP
 B = Vault XP
 C = Vault XP percentage of total XP
 D = Non-vault monster count
 E = Vault monster count
 F = Vault count percentage of total count
                 A         B        C        D         E       F
            +---------+---------+-------+---------+---------+-------
      Total |     107 |       6 |   5.3 |      28 |       3 |   9.7
            +---------+---------+-------+---------+---------+-------
        D:1 |      29 |       6 |  17.1 |      17 |       3 |  15.0
        D:2 |      38 |       0 |   0.0 |       9 |       0 |   0.0
        D:3 |      40 |       0 |   0.0 |       2 |       0 |   0.0
            +---------+---------+-------+---------+---------+-------
